 Dungeon Crawl Stone Soup version 0.26.0-16-gc1dbca0489 (webtiles) character file.

Game seed: 18227747520671602370

14 thiole the Magician (level 2, 0/17 HPs)
             Began as an Octopode Hedge Wizard on Jan 20, 2021.
             Slain by a hobgoblin
             ... wielding a +0 club
              (1 damage)
             ... on level 1 of the Dungeon.
             The game lasted 00:00:43 (347 turns).

thiole the Magician (Octopode Hedge Wizard)          Turns: 347, Time: 00:00:44

Health: 0/17       AC:  1    Str:  9    XL:     2   Next: 41%
Magic:  0/6        EV: 13    Int: 16    God:
Gold:   10         SH:  0    Dex: 11    Spells: 6/7 levels left

rFire    . . .     SeeInvis .   a - +0 dagger
rCold    . . .     Faith    .   (no shield)
rNeg     . . .     Spirit   .   b - +0 hat
rPois    .         Reflect  .   (no amulet)
rElec    .         Harm     .   (no ring)
rCorr    .         Rampage  .   (no ring)
Will     .....                  (no ring)
Stlth    +++.......             (no ring)
HPRegen  0.05/turn              (no ring)
MPRegen  0.10/turn              (no ring)
                                (no ring)
                                (no ring)

@: no status effects
A: almost no armour, stealthy swim, amphibious, 8 rings, constrict 8, camouflage
1, gelatinous body 1
a: no special abilities


You were on level 1 of the Dungeon.
You visited 1 branch of the dungeon, and saw 1 of its levels.

You collected 10 gold pieces.

Inventory:

Hand Weapons
 a - a +0 dagger (weapon)
Armour
 b - a +0 hat (worn)
Scrolls
 c - a scroll of identify {unknown}


   Skills:
 - Level 2.0 Dodging
 + Level 2.9 Stealth
 + Level 3.1 Spellcasting
 * Level 1.6 Conjurations
 * Level 1.4 Summonings
 - Level 1.0 Translocations


You had 6 spell levels left.
You knew the following spells:

 Your Spells              Type           Power        Failure   Level
a - Magic Dart            Conj           28%          10%         1

Your spell library contained the following spells:

 Spells                   Type           Power        Failure   Level
 Call Imp                 Summ           7%           16%         2
 Blink                    Tloc           N/A          19%         2
 Slow                     Hex            2%           28%         2
 Conjure Flame            Conj/Fire      5%           38%         3
 Mephitic Cloud           Conj/Pois/Air  4%           41%         3


Dungeon Overview and Level Annotations

Branches:
Dungeon (1/15)

Altars:


Innate Abilities, Weirdness & Mutations

You cannot wear most types of armour.
You are very stealthy in the water. (Stealth+)
You are amphibious.
You can wear up to eight rings at the same time.
You can use your tentacles to constrict eight enemies at once.
Your skin changes colour to match your surroundings (Stealth+).
Your rubbery body absorbs attacks. (AC +1, EV +1)


Message History

The rat bites you.
* * * LOW HITPOINT WARNING * * *
You barely miss the rat. You squeeze the rat.
You kill the rat!
You hit the hobgoblin but do no damage. Your grab misses the hobgoblin.
The hobgoblin misses you.
You hit the hobgoblin but do no damage. Your grab misses the hobgoblin.
The hobgoblin closely misses you.
You hit the hobgoblin. Your grab misses the hobgoblin.
The hobgoblin is moderately wounded.
The hobgoblin barely misses you.
You closely miss the hobgoblin. Your grab misses the hobgoblin.
You squeeze the hobgoblin, but do no damage.
The hobgoblin is moderately wounded.
The hobgoblin hits you with a +0 club.
* * * LOW HITPOINT WARNING * * *
You closely miss the hobgoblin. You grab the hobgoblin.
The hobgoblin is moderately wounded.
You constrict the hobgoblin. The hobgoblin hits you with a +0 club.
You die...

########## ...# ☼°≈≈○≈☼○☼## .. ##
...# °°°≈○○○≈○§# #.h# .. ...#§
#≈☼§☼#○☼☼# #.. .##
..##☼§°≈○°÷○≈≈≈# # #h.### (.#
..##☼☼≈ ○○§≈≈≈≈# .##....# #.#
#...############# ....##.#
#.#####....+....<....'.
##..##.####.##)g@..# ############
......)........##..##☼☼§ ≈≈☼≈○≈≈#
##..##.####........>#☼☼°§°○°☼°○≈#
#..##... ##........#≈ #§°§≈#°○≈#
#..####.###..).....# ≈≈§○§°☼≈≈≈#
##rg# #............# ÷≈≈≈≈°≈≈≈##
....#######.#....#### ##########.
........###...#..### ##.#.#.#.
###...#..w....#....## #........


You could see a hobgoblin.

Vanquished Creatures
  3 hobgoblins (D:1)
  A ball python (D:1)
  2 bats (D:1)
  3 goblins (D:1)
  3 kobolds (D:1)
  3 rats (D:1)
15 creatures vanquished.

Notes
Turn   | Place    | Note
-------+----------+-------------------------------------------
     0 | D:1      | thiole the Octopode Hedge Wizard began the quest for the
                  | Orb.
     0 | D:1      | Reached XP level 1. HP: 11/11 MP: 4/4
   242 | D:1      | Reached XP level 2. HP: 14/17 MP: 0/6
   347 | D:1      | Slain by a hobgoblin

Illustrated notes

Levels and vault maps discovered:
D:1:      saegor_arrival_miasma, layout_rooms, serial_bayou_crossing

Action                   || total
-------------------------++-------
Melee: Dagger            ||    16
       Constrict         ||     5
       Tentacles         ||     3
 Cast: Magic Dart        ||    25
Armor: Skin              ||     1
Dodge: Dodged            ||     7
